[Event "TIPC 2006"]
[Site "Charleroi BEL"]
[Date "2006.08.04"]
[Round "8"]
[White "Moga, Christoph"]
[Black "Guezennec, Franck"]
[Result "0-1"]
[ECO "B43"]
[WhiteElo "1784"]
[BlackElo "2152"]
[PlyCount "42"]
[TimeControl "40/7200:3600"]

1. e4 c5 2. Nf3 e6 3. Nc3 a6 4. d4 cxd4 5. Nxd4 Qc7
6. Be3 Bb4 7. Qd2 Nf6 8. f3 d5 9. exd5 Nxd5 10. Nde2 Nxe3 11. Qxe3 O-O 12.
O-O-O Nc6 13. Ng3 b5 14. Be2 Bb7 15. Rhe1 Rac8 16. Nh5 Ne7 17. Rd3 Nf5 18. Qg5
Be7 19. Qd2 b4 20. Rd7 bxc3 21. bxc3 Ba3+ 0-1

[Event "TIPC 2006"]
[Site "Charleroi BEL"]
[Date "2006.08.04"]
[Round "8"]
[White "Dal Borgo, Albin"]
[Black "Coibion, Charles"]
[Result "1-0"]
[ECO "A28"]
[WhiteElo "2128"]
[BlackElo "1847"]
[PlyCount "35"]
[TimeControl "40/7200:3600"]

1. c4 e5 2. Nc3 Nf6 3. Nf3 Nc6 4. e3 d5 5. cxd5 Nxd5
6. Bb5 Nxc3 7. bxc3 Qd5 8. c4 Qe6 9. d4 exd4 10. Nxd4 Qg6 11. O-O Be7 12. Nxc6
bxc6 13. Qf3 cxb5 14. Qxa8 O-O 15. cxb5 Bf6 16. Ba3 Rd8 17. Rad1 Bd7 18. Qf3
1-0

[Event "TIPC 2006"]
[Site "Charleroi BEL"]
[Date "2006.08.04"]
[Round "8"]
[White "Wantiez, Fabrice"]
[Black "Marte, Sébastien"]
[Result "1-0"]
[ECO "B23"]
[WhiteElo "2265"]
[BlackElo "1810"]
[PlyCount "47"]
[TimeControl "40/7200:3600"]

1. e4 c5 2. Nc3 Nc6 3. f4 e6 4. Nf3 a6 5. a4 Nge7 6.
Bc4 Qc7 7. O-O g6 8. e5 Bg7 9. Ne4 O-O 10. d3 f6 11. exf6 Bxf6 12. Nxf6+ Rxf6
13. Qe1 d5 14. Ba2 Nf5 15. c3 b6 16. g4 Nd6 17. Qh4 Qg7 18. Bd2 Bd7 19. Rae1
Nf7 20. Qg3 Nd6 21. f5 Nxf5 22. gxf5 gxf5 23. Qxg7+ Kxg7 24. Bf4 1-0

[Event "TIPC 2006"]
[Site "Charleroi BEL"]
[Date "2006.08.04"]
[Round "8"]
[White "Russo, Bruno"]
[Black "Giadrosic, Dinko"]
[Result "1/2-1/2"]
[ECO "B07"]
[WhiteElo "1980"]
[BlackElo "2059"]
[PlyCount "61"]
[TimeControl "40/7200:3600"]

1. e4 d6 2. d4 e5 3. Nc3 c6 4. dxe5 dxe5 5. Qxd8+
Kxd8 6. f4 Bd6 7. Nf3 f6 8. fxe5 fxe5 9. Bg5+ Kc7 10. O-O-O Bg4 11. Be2 Nd7 12.
h3 Bxf3 13. Bxf3 h6 14. Bh4 Ngf6 15. Bg3 b5 16. Rd2 Rhe8 17. Rhd1 Bc5 18. Kb1
Re7 19. Bh4 g5 20. Be1 a5 21. Ne2 Be3 22. Rd3 Bb6 23. Ng3 Nc5 24. Rd6 Ne6 25.
Nf5 Ree8 26. Bg3 Bc5 27. R6d3 Nf4 28. Bxf4 exf4 29. Nxh6 Nxe4 30. Rd7+ Kb6 31.
Ng4 1/2-1/2

[Event "TIPC 2006"]
[Site "Charleroi BEL"]
[Date "2006.08.04"]
[Round "8"]
[White "Krasucki, Youri"]
[Black "Frederiksen, Jens"]
[Result "1-0"]
[ECO "C45"]
[WhiteElo "2048"]
[BlackElo "1928"]
[PlyCount "101"]
[TimeControl "40/7200:3600"]

1. e4 e5 2. Nf3 Nc6 3. d4 exd4 4. Nxd4 Bc5 5. Nxc6
Qf6 6. Qd2 Qxc6 7. Bd3 Nf6 8. O-O O-O 9. b4 Bb6 10. c4 Bd4 11. Nc3 Nxe4 12.
Bxe4 Bxc3 13. Bxh7+ Kxh7 14. Qxc3 d6 15. Bb2 f6 16. Rfe1 Bf5 17. Re7 Rae8 18.
Rae1 Rxe7 19. Rxe7 d5 20. Qg3 Bg6 21. Qxc7 Qxc7 22. Rxc7 Rf7 23. Rxf7 Bxf7 24.
c5 Kg6 25. a4 Be8 26. b5 Kf5 27. f3 g6 28. Kf2 Ke6 29. Ke3 f5 30. f4 a6 31. c6
bxc6 32. b6 Kd7 33. Kd4 Kc8 34. Kc5 Kb7 35. a5 Bf7 36. Bd4 Be8 37. h3 Kc8 38.
Kd6 Kb7 39. Bc5 Bf7 40. Ke7 Bg8 41. Kf6 d4 42. Bxd4 Bd5 43. Kxg6 Bxg2 44. Kxf5
Bxh3+ 45. Ke5 c5 46. Bxc5 Bc8 47. f5 Kc6 48. Be7 Kd7 49. f6 Bb7 50. Kf5 Bc8 51.
Kg6 1-0

[Event "TIPC 2006"]
[Site "Charleroi BEL"]
[Date "2006.08.04"]
[Round "8"]
[White "Di Cosmo, Jonathan"]
[Black "Charlier, Laurent"]
[Result "1/2-1/2"]
[ECO "A77"]
[WhiteElo "1941"]
[BlackElo "2007"]
[PlyCount "68"]
[TimeControl "40/7200:3600"]

1. d4 Nf6 2. Nf3 g6 3. c4 c5 4. d5 e6 5. Nc3 exd5 6.
cxd5 d6 7. e4 Bg7 8. Be2 O-O 9. O-O Re8 10. Nd2 Nbd7 11. Re1 a6 12. a4 b6 13.
Bf1 Nh5 14. Nc4 Ne5 15. h3 Nxc4 16. Bxc4 Qh4 17. Qf3 f5 18. Bf1 Bd4 19. Bd2 Ng3
20. exf5 Bxf5 21. Bf4 Ne4 22. Nxe4 Rxe4 23. Rxe4 Bxe4 24. Qxe4 Qxf2+ 25. Kh2
Rf8 26. Bxd6 Qg1+ 27. Kg3 Qf2+ 28. Kh2 Qg1+ 29. Kg3 Rf5 30. Qe8+ Kg7 31. Qe7+
Kg8 32. Qe8+ Kg7 33. Qe7+ Kh6 34. Qh4+ Kg7 1/2-1/2

[Event "TIPC 2006"]
[Site "Charleroi BEL"]
[Date "2006.08.04"]
[Round "8"]
[White "Minet, Julien"]
[Black "Laurent, Michel"]
[Result "1/2-1/2"]
[ECO "B06"]
[WhiteElo "1927"]
[BlackElo "2026"]
[PlyCount "85"]
[TimeControl "40/7200:3600"]

1. e4 g6 2. Nc3 Bg7 3. Bc4 d6 4. d3 Nf6 5. Nf3 O-O 6. O-O
Nc6 7. a3 Bg4 8. h3 Bxf3 9. Qxf3 Ne5 10. Qe2 Nxc4 11. dxc4 Nd7 12. Nd1 c6 13.
Rb1 Qc7 14. Ne3 e5 15. g4 Nc5 16. f3 Ne6 17. Qh2 Rad8 18. Rd1 Nd4 19. Qf2 Qe7
20. b4 Kh8 21. c3 Ne6 22. Kh2 Nf4 23. Ng2 Nxg2 24. Qxg2 Qe6 25. Qe2 f5 26. Be3
fxe4 27. fxe4 Rf7 28. Rf1 Rxf1 29. Rxf1 d5 30. cxd5 cxd5 31. Bg5 Rc8 32. Rc1 h6
33. Bd2 b6 34. Qd3 dxe4 35. Qxe4 Rf8 36. Be3 Rd8 37. Rf1 Kh7 38. c4 Qd6 39. c5
bxc5 40. Bxc5 Qa6 41. Rf3 Rd7 42. h4 Kg8 43. Qa8+ 1/2-1/2

[Event "TIPC 2006"]
[Site "Charleroi BEL"]
[Date "2006.08.04"]
[Round "8"]
[White "Camus, Béranger"]
[Black "Leloutre, Bernard"]
[Result "1-0"]
[ECO "E10"]
[WhiteElo "2135"]
[BlackElo "1935"]
[PlyCount "41"]
[TimeControl "40/7200:3600"]

1. d4 e6 2. c4 Nf6 3. Nf3 Nc6 4. Nc3 Bb4 5. Qc2 d6 6. Bg5
O-O 7. e3 e5 8. d5 e4 9. dxc6 exf3 10. gxf3 bxc6 11. Bd3 h6 12. Bh4 d5 13.
O-O-O Kh8 14. Rhg1 Qd6 15. a3 Bxc3 16. Qxc3 Ne8 17. Bg3 Qe7 18. Bf4 Nf6 19.
Rxg7 Kxg7 20. Rg1+ Kh8 21. Be5 1-0

[Event "TIPC 2006"]
[Site "Charleroi BEL"]
[Date "2006.08.04"]
[Round "8"]
[White "Scoriels, Michael"]
[Black "Peeters, Simonne"]
[Result "1-0"]
[ECO "C45"]
[WhiteElo "2131"]
[BlackElo "1887"]
[PlyCount "109"]
[TimeControl "40/7200:3600"]

1. e4 e5 2. Nf3 Nc6 3. d4 exd4 4. Nxd4 Bc5 5. Nb3 Bb6 6.
a4 Qf6 7. Qd2 Nd4 8. Nc3 Nxb3 9. cxb3 c6 10. Bc4 Ne7 11. Qf4 Qg6 12. O-O O-O
13. Rd1 Bc5 14. Rd3 Kh8 15. Rg3 Qd6 16. Qg5 Ng6 17. Be3 Bxe3 18. Qxe3 b6 19.
Rd1 Qf4 20. Qd4 Qe5 21. Qe3 Qf4 22. Qxf4 Nxf4 23. Rf3 Ne6 24. Bxe6 dxe6 25.
Rxf7 Ba6 26. Rfd7 c5 27. R1d6 Rfe8 28. f3 h6 29. Kf2 Kh7 30. Ke3 Kg6 31. Nd5
Bc8 32. Ne7+ Kf6 33. Nxc8 Rexc8 34. f4 g5 35. e5+ Kf5 36. Rf7+ Kg4 37. fxg5
hxg5 38. Rxe6 Re8 39. Rfe7 Rh8 40. h3+ Kg3 41. Rg6 Kxg2 42. Rxg5+ Kxh3 43. e6
Rh6 44. Ke4 Rd8 45. Re5 Rd4+ 46. Ke3 Rb4 47. Rd7 Rxb3+ 48. Rd3 Rxd3+ 49. Kxd3
Rh8 50. e7 Re8 51. Ke4 Kg4 52. Kd5 Kf4 53. Kd6 a6 54. Re1 Kf5 55. Kd7 1-0

[Event "TIPC 2006"]
[Site "Charleroi BEL"]
[Date "2006.08.04"]
[Round "8"]
[White "Delmont, Jean-Robert"]
[Black "Guyon, Cindy"]
[Result "1-0"]
[ECO "E22"]
[WhiteElo "2054"]
[BlackElo "1835"]
[PlyCount "107"]
[TimeControl "40/7200:3600"]

1. d4 e6 2. c4 Nf6 3. Nc3 Bb4 4. Qb3 c5 5. e3 b6 6. f3 O-O
7. Bd3 Bxc3+ 8. Qxc3 d6 9. Ne2 Bb7 10. O-O Nbd7 11. b3 Rc8 12. Bb2 cxd4 13.
Qxd4 Nc5 14. Rad1 Qe7 15. Bb1 Rfd8 16. Qh4 h6 17. e4 Rc7 18. Rd2 Ne8 19. Qg3
Rcd7 20. Rfd1 d5 21. cxd5 exd5 22. e5 Ne6 23. f4 Rc8 24. h4 Rdc7 25. Nd4 Nxd4
26. Bxd4 Rc1 27. Bb2 Rxd1+ 28. Rxd1 Qe6 29. f5 Qe7 30. f6 Qf8 31. h5 Qc5+ 32.
Bd4 Qb5 33. Qg4 Kf8 34. fxg7+ Nxg7 35. Rf1 Ba6 36. Re1 Ne6 37. Bf5 Rc6 38. Be3
Ng7 39. Bd7 Qa5 40. Rd1 Qc3 41. Bxc6 Qxe3+ 42. Kh1 Qxe5 43. Rxd5 Qf6 44. Ba4
Bb7 45. Rd1 Ne6 46. Qg3 Qe7 47. Qd6 Qxd6 48. Rxd6 Nf4 49. Bc6 Ba6 50. Rxh6 Kg7
51. Rd6 Nxh5 52. Rd7 Ng3+ 53. Kh2 Nf1+ 54. Kg1 1-0

[Event "TIPC 2006"]
[Site "Charleroi BEL"]
[Date "2006.08.04"]
[Round "8"]
[White "Vanhee, Freddy"]
[Black "Werner, Guy"]
[Result "1-0"]
[ECO "A40"]
[WhiteElo "2005"]
[BlackElo "1793"]
[PlyCount "79"]
[TimeControl "40/7200:3600"]

1. d4 e6 2. Bf4 c5 3. e3 Qb6 4. Nc3 Nf6 5. Nf3 Be7 6. dxc5
Qxb2 7. Nb5 Nd5 8. Be5 Qb4+ 9. c3 Qa5 10. e4 a6 11. exd5 axb5 12. Qb3 Na6 13.
dxe6 fxe6 14. Qxb5 Qxb5 15. Bxb5 O-O 16. Bd6 Bxd6 17. cxd6 Rf5 18. c4 Nc5 19.
O-O b6 20. Rfe1 Bb7 21. Ne5 Raf8 22. f3 Bc8 23. Re3 g5 24. a4 Kg7 25. a5 bxa5
26. Rxa5 Nb7 27. Ra6 Nd8 28. Ra7 h5 29. c5 g4 30. Bxd7 Kf6 31. Bxc8 Rxe5 32.
Rxe5 Kxe5 33. fxg4 hxg4 34. Rc7 g3 35. hxg3 Rg8 36. Bb7 Rxg3 37. Bf3 Rg8 38.
Rc8 Kf6 39. c6 Kf7 40. c7 1-0

[Event "TIPC 2006"]
[Site "Charleroi BEL"]
[Date "2006.08.04"]
[Round "8"]
[White "Maraite, Grégory"]
[Black "Vivone, Santino"]
[Result "1-0"]
[ECO "B34"]
[WhiteElo "1775"]
[BlackElo "1995"]
[PlyCount "39"]
[TimeControl "40/7200:3600"]

1. e4 c5 2. Nf3 Nc6 3. d4 cxd4 4. Nxd4 g6 5. Be3 Bg7 6.
Nc3 Nf6 7. f3 d5 8. Bb5 Bd7 9. exd5 Nb4 10. Bc4 Rc8 11. Bb3 Qa5 12. Qd2 O-O 13.
Rd1 Rfd8 14. a3 Na6 15. Ncb5 Qb6 16. Nc6 Nc5 17. Nxe7+ Kh8 18. Nxc8 Qxb5 19.
Nd6 Nxb3 20. cxb3 1-0

[Event "TIPC 2006"]
[Site "Charleroi BEL"]
[Date "2006.08.04"]
[Round "8"]
[White "Bruno, Ricardo"]
[Black "Marchiano, Marco"]
[Result "1-0"]
[ECO "D00"]
[WhiteElo "1892"]
[BlackElo "1663"]
[PlyCount "57"]
[TimeControl "40/7200:3600"]

1. d4 d5 2. Bf4 c6 3. c3 Bf5 4. e3 e6 5. g4 Bxb1 6.
Rxb1 Bd6 7. Qf3 f6 8. Qg3 Be7 9. h4 g5 10. hxg5 fxg5 11. Be5 Bf6 12. Bd3 h6 13.
Nf3 Nd7 14. Bg6+ Kf8 15. Bc7 Qc8 16. Qd6+ Ne7 17. Bh5 Nb6 18. Ne5 Kg7 19. Rh3
Nc4 20. Nxc4 dxc4 21. Qh2 Nd5 22. Be5 Qd7 23. e4 Bxe5 24. Qxe5+ Nf6 25. f4 Qe7
26. fxg5 hxg5 27. Qxg5+ Kf8 28. Rf3 Rxh5 29. gxh5 1-0

[Event "TIPC 2006"]
[Site "Charleroi BEL"]
[Date "2006.08.04"]
[Round "8"]
[White "Baekelant, Eva"]
[Black "Strubbe, Paul"]
[Result "1-0"]
[ECO "B23"]
[WhiteElo "1988"]
[BlackElo "1609"]
[PlyCount "79"]
[TimeControl "40/7200:3600"]

1. e4 c5 2. Nc3 d6 3. f4 Nc6 4. Nf3 e6 5. Bb5 Bd7 6.
O-O Be7 7. d3 Nd4 8. Bxd7+ Qxd7 9. Nxd4 cxd4 10. Ne2 e5 11. fxe5 dxe5 12. Ng3
f6 13. Bd2 O-O-O 14. Ba5 Rf8 15. Rc1 Kb8 16. Bd2 g6 17. Qe2 h5 18. c3 h4 19.
Nh1 dxc3 20. bxc3 Bc5+ 21. Be3 Bxe3+ 22. Qxe3 Ne7 23. Nf2 g5 24. d4 Ng6 25. Nd3
Qd6 26. Rb1 Rh7 27. Rb2 Nf4 28. Rd2 Rc7 29. dxe5 fxe5 30. Nxf4 Qc5 31. Qxc5
Rxc5 32. Ne6 Rxf1+ 33. Kxf1 Rxc3 34. Rd8+ Rc8 35. Rxc8+ Kxc8 36. Nxg5 b5 37.
Nf3 a5 38. Nxe5 Kc7 39. Nd3 b4 40. Ke2 1-0

[Event "TIPC 2006"]
[Site "Charleroi BEL"]
[Date "2006.08.04"]
[Round "8"]
[White "Pitropakis, Kyriakos"]
[Black "Domelevo-Entfellner, Jean-Baka"]
[Result "1-0"]
[ECO "A00"]
[WhiteElo "1587"]
[BlackElo "1967"]
[PlyCount "81"]
[TimeControl "40/7200:3600"]

1. b4 e5 2. Bb2 d6 3. c4 Be6 4. e3 Nd7 5. Nf3 Ngf6
6. h3 a5 7. b5 h6 8. a4 g5 9. Be2 Nc5 10. d3 Rg8 11. g4 Qe7 12. Nc3 e4 13. Nd4
exd3 14. Bxd3 Nxd3+ 15. Qxd3 Bd7 16. Nf5 Qe5 17. O-O-O Qc5 18. Qd4 Qxd4 19.
exd4 Bxf5 20. gxf5 O-O-O 21. Rde1 Nh5 22. Nd5 Kd7 23. h4 c6 24. hxg5 cxd5 25.
Rxh5 hxg5 26. Bc3 Rc8 27. Bxa5 Rxc4+ 28. Kb2 Rxd4 29. Bc3 Rxa4 30. Rh7 Re4 31.
Rxf7+ Ke8 32. Rxb7 Rxe1 33. Bxe1 Be7 34. Rb8+ Kf7 35. Rxg8 Kxg8 36. b6 Bd8 37.
Ba5 Bxb6 38. Bxb6 g4 39. Bd8 Kf7 40. Kc3 Ke8 41. Bg5 1-0

[Event "TIPC 2006"]
[Site "Charleroi BEL"]
[Date "2006.08.04"]
[Round "8"]
[White "Chung Choong Lon, Marc"]
[Black "Heudt, Vincent"]
[Result "1-0"]
[ECO "B09"]
[WhiteElo "1775"]
[BlackElo "1531"]
[PlyCount "77"]
[TimeControl "40/7200:3600"]

1. e4 d6 2. d4 Nf6 3. Nc3 g6 4. f4 Bg7 5. Nf3 O-O 6. Bd3 Nbd7 7. e5 dxe5 8.
fxe5 Ng4 9. Ne4 c5 10. e6 fxe6 11. Nfg5 Ndf6 12. h3 Nxe4 13. Nxe4 Nf6 14. dxc5
Nxe4 15. Bxe4 Qa5+ 16. Qd2 Qxc5 17. c3 Bd7 18. Bxb7 Rad8 19. Qe3 Qc7 20. Bf3
Ba4 21. O-O Bb5 22. Re1 Qg3 23. Bd1 Qxe1+ 24. Qxe1 Rf1+ 25. Qxf1 Bxf1 26. Kxf1
Rxd1+ 27. Ke2 Rh1 28. Kd2 Bh6+ 29. Kc2 Kf7 30. Rb1 Rg1 31. Bxh6 Rxg2+ 32. Bd2
Rh2 33. Rf1+ Kg7 34. Rf3 g5 35. c4 h5 36. c5 g4 37. Rg3 Rxh3 38. Rxh3 gxh3 39.
Bf4 1-0

[Event "TIPC 2006"]
[Site "Charleroi BEL"]
[Date "2006.08.05"]
[Round "9"]
[White "Perez Garcia, Rodney"]
[Black "Eliet, Nicolas"]
[Result "1/2-1/2"]
[ECO "B10"]
[WhiteElo "2406"]
[BlackElo "2427"]
[PlyCount "120"]
[TimeControl "40/7200:3600"]

1. e4 c6 2. Nc3 d5 3. Nf3 dxe4 4. Nxe4 Nd7 5. Bc4 Ngf6 6.
Neg5 Nd5 7. d4 h6 8. Ne4 N7b6 9. Bb3 Bf5 10. Ng3 Bh7 11. Ne5 e6 12. O-O a5 13.
c4 Nf6 14. Be3 Be7 15. f4 a4 16. Bc2 Bxc2 17. Qxc2 Nbd7 18. Rad1 Qc7 19. Nxd7
Nxd7 20. f5 e5 21. dxe5 Nxe5 22. f6 Bxf6 23. Nh5 Qe7 24. Qf5 Qe6 25. Qxe6+ fxe6
26. Nxf6+ gxf6 27. Rxf6 Nxc4 28. Bc5 Ra5 29. Rxe6+ Kf7 30. Re7+ Kg6 31. Bd4 Rd8
32. Rg7+ Kf5 33. Rf1+ Ke4 34. Bc3 Rad5 35. Rxb7 (35. Rg4+ Kd3 36. Rf3+ Ne3 (
36... Kc2 37. Rxc4) 37. Rgg3 Re8 38. Kf2) 35... Kd3 36. Rf3+ Kc2 37. Rb4 Rd1+
38. Kf2 Nd2 39. Bxd2 R1xd2+ 40. Kg1 Rd1+ 41. Rf1 Rxf1+ 42. Kxf1 c5 43. Rxa4
Kxb2 44. Ke2 Kc3 45. Ra3+ Kb2 46. Ra6 h5 47. Rc6 Rd5 48. a4 Kb3 49. a5 c4 50.
a6 c3 51. Rb6+ Kc4 52. a7 Ra5 53. Rb7 Kd4 54. Rd7+ Ke4 55. Kd1 Ra2 56. Kc1 Kf5
57. Rg7 Kf6 58. Rc7 c2 59. g3 Kg6 60. h3 Kh6 1/2-1/2

[Event "TIPC 2006"]
[Site "Charleroi BEL"]
[Date "2006.08.05"]
[Round "9"]
[White "Leitao, Rafael"]
[Black "Denayer, Eric"]
[Result "1-0"]
[ECO "D07"]
[WhiteElo "2598"]
[BlackElo "2279"]
[PlyCount "83"]
[TimeControl "40/7200:3600"]

1. d4 d5 2. c4 Nc6 3. Nc3 dxc4 4. d5 Ne5 5. f4 Ng4 6. h3
N4h6 7. e4 e6 8. Nf3 exd5 9. Qxd5 Qxd5 10. Nxd5 Bd6 11. Bxc4 Ne7 12. Nxe7 Bb4+
13. Ke2 Bxe7 14. g4 Ng8 15. f5 Bd6 16. e5 Bc5 17. Bf4 Ne7 18. Ng5 O-O 19. e6
fxe6 20. Bxe6+ Kh8 21. Rac1 b6 22. Bxc8 Rfxc8 23. Rhd1 Bd6 24. Nf7+ Kg8 25.
Nxd6 cxd6 26. Bxd6 Rxc1 27. Rxc1 Nd5 28. Kf3 Rd8 29. Be5 Rd7 30. g5 Kf7 31. Ke4
Nb4 32. Rc8 Nd3 33. Bd4 Ne1 34. Rh8 Re7+ 35. Kf4 Nd3+ 36. Kf3 Ne5+ 37. Kg3 Nc6
38. Bc3 b5 39. f6 Re3+ 40. Kf2 Rxh3 41. fxg7 Ne7 42. Rf8+ 1-0

[Event "TIPC 2006"]
[Site "Charleroi BEL"]
[Date "2006.08.05"]
[Round "9"]
[White "Laurent, Bruno"]
[Black "Kadimova, Ilaha"]
[Result "1/2-1/2"]
[ECO "D00"]
[WhiteElo "2404"]
[BlackElo "2330"]
[PlyCount "44"]
[TimeControl "40/7200:3600"]

1. d4 d5 2. Bf4 c6 3. e3 Qb6 4. b3 Bf5 5.
Bd3 Bxd3 6. Qxd3 e6 7. Nf3 Nf6 8. Nbd2 Be7 9. O-O O-O 10. c4 Nh5 11. Bg5 Bxg5
12. Nxg5 Nf6 13. e4 dxe4 14. Ndxe4 Nbd7 15. c5 Qc7 16. Nd6 h6 17. Nf3 b6 18. b4
a5 19. a3 Nd5 20. Qd2 b5 21. Rfb1 axb4 22. axb4 Ra7 1/2-1/2

[Event "TIPC 2006"]
[Site "Charleroi BEL"]
[Date "2006.08.05"]
[Round "9"]
[White "Maes, Wim"]
[Black "Vandevoort, Pascal"]
[Result "1-0"]
[ECO "A08"]
[WhiteElo "2287"]
[BlackElo "2388"]
[PlyCount "75"]
[TimeControl "40/7200:3600"]

1. e4 e6 2. d3 d5 3. Nd2 c5 4. g3 Nc6 5.
Bg2 g6 6. Ngf3 Bg7 7. O-O d4 8. a4 e5 9. Nc4 f6 10. c3 Nge7 11. cxd4 exd4 12.
Ne1 O-O 13. f4 Be6 14. Bd2 Nc8 15. Rc1 Nd6 16. Kh1 Rc8 17. b3 b6 18. Nf3 Re8
19. Re1 Rc7 20. Qe2 Bf7 21. Qf1 Nxc4 22. bxc4 a5 23. Ra1 Rce7 24. Rec1 Be6 25.
Ne1 Bd7 26. Bh3 f5 27. e5 g5 28. Bg2 gxf4 29. gxf4 Bh6 30. Bd5+ Kh8 31. Qh3
Nxe5 32. Qxh6 Ng4 33. Qh5 Rg7 34. Ng2 Re2 35. Be1 Qe7 36. Bh4 Qf8 37. Bg3 Nf6
38. Qxe2 1-0

[Event "TIPC 2006"]
[Site "Charleroi BEL"]
[Date "2006.08.05"]
[Round "9"]
[White "Hovhanisian, Mher"]
[Black "Van Mechelen, Jan"]
[Result "1-0"]
[ECO "C06"]
[WhiteElo "2359"]
[BlackElo "2251"]
[PlyCount "87"]
[TimeControl "40/7200:3600"]

1. e4 e6 2. d4 d5 3. Nd2 Nf6 4. e5 Nfd7 5.
c3 c5 6. Bd3 Nc6 7. Ne2 cxd4 8. cxd4 f6 9. exf6 Nxf6 10. O-O Bd6 11. Nf3 Qc7
12. Ng3 O-O 13. Bd2 Kh8 14. Rc1 Qf7 15. Bb1 Bd7 16. Re1 Qg8 17. Bc3 Rae8 18.
Ne5 Re7 19. Rc2 Be8 20. f4 g6 21. Rf2 Rg7 22. Qe2 Re7 23. a3 a6 24. Rf3 Na7 25.
Qd2 Nd7 26. Bb4 Nxe5 27. dxe5 Bxb4 28. Qxb4 Nc6 29. Qd2 Qg7 30. Ne2 g5 31. Rh3
Bg6 32. Bxg6 Qxg6 33. fxg5 Ref7 34. Rh6 Qe4 35. Ng3 Qd4+ 36. Qxd4 Nxd4 37. h4
Rf4 38. Nh5 Rg4 39. Nf6 Nf3+ 40. Kf2 Rxf6 41. gxf3 Rf7 42. Rxe6 Rxh4 43. Re8+
Kg7 44. e6 1-0

[Event "TIPC 2006"]
[Site "Charleroi BEL"]
[Date "2006.08.05"]
[Round "9"]
[White "Foisor, Sabina-Francesca"]
[Black "Russo, Julien"]
[Result "1-0"]
[ECO "A07"]
[WhiteElo "2292"]
[BlackElo "2145"]
[PlyCount "69"]
[TimeControl "40/7200:3600"]

1. Nf3 d5 2. g3 Bg4 3. Bg2 Nc6 4. d4 Qd7 5.
Nc3 e6 6. a3 Be7 7. O-O h5 8. b4 f6 9. h3 Bf5 10. Nh4 g6 11. Qd2 O-O-O 12. b5
Nb8 13. Rb1 Nh6 14. Na4 b6 15. Rd1 g5 16. Nxf5 Nxf5 17. Qd3 Nd6 18. Nc3 f5 19.
a4 h4 20. g4 fxg4 21. e4 gxh3 22. Bxh3 g4 23. Bxg4 Rdg8 24. Qh3 Qe8 25. Kh1 Kd8
26. exd5 Qg6 27. Bxe6 Rf8 28. Be3 Nc4 29. Rg1 Qxc2 30. Rbc1 Qb3 31. d6 Bxd6 32.
Bg5+ Ke8 33. Rge1 Be7 34. Bxe7 Rxf2 35. Bf6 1-0

[Event "TIPC 2006"]
[Site "Charleroi BEL"]
[Date "2006.08.05"]
[Round "9"]
[White "Demanghon, Jonathan"]
[Black "Terrieux, Kevin"]
[Result "1-0"]
[ECO "D63"]
[WhiteElo "2160"]
[BlackElo "2343"]
[PlyCount "49"]
[TimeControl "40/7200:3600"]

1. d4 d5 2. c4 e6 3. Nc3 Be7 4. Nf3 Nf6 5.
Bg5 O-O 6. e3 Nbd7 7. Rc1 dxc4 8. Bxc4 a6 9. Bd3 c5 10. Ne5 cxd4 11. exd4 Qb6
12. O-O Rd8 13. Re1 Kf8 14. Qe2 h6 15. Be3 Qd6 16. Nxf7 Kxf7 17. Bf4 e5 18.
Bc4+ Kf8 19. dxe5 Nxe5 20. Bxe5 Qd2 21. Bxf6 Bxf6 22. Qh5 Qd7 23. Rcd1 Re8 24.
Rxe8+ Qxe8 25. Qd5 1-0

[Event "TIPC 2006"]
[Site "Charleroi BEL"]
[Date "2006.08.05"]
[Round "9"]
[White "Both, Erik"]
[Black "Dal Borgo, Albin"]
[Result "1-0"]
[ECO "A08"]
[WhiteElo "2286"]
[BlackElo "2128"]
[PlyCount "39"]
[TimeControl "40/7200:3600"]

1. e4 c5 2. Nf3 e6 3. d3 d5 4. Nbd2 Nf6 5.
g3 Nc6 6. Bg2 Be7 7. O-O b6 8. Re1 Bb7 9. c3 Qc7 10. e5 Nd7 11. Nf1 Ncxe5 12.
Nxe5 Nxe5 13. Bf4 Bd6 14. Bxe5 Bxe5 15. Qh5 Bf6 16. Rxe6+ Kf8 17. Rxf6 gxf6 18.
Qh6+ Kg8 19. Ne3 Qe5 20. Ng4 1-0

[Event "TIPC 2006"]
[Site "Charleroi BEL"]
[Date "2006.08.05"]
[Round "9"]
[White "Guezennec, Franck"]
[Black "Schuermans, Robert"]
[Result "0-1"]
[ECO "C56"]
[WhiteElo "2152"]
[BlackElo "2251"]
[PlyCount "62"]
[TimeControl "40/7200:3600"]

1. e4 e5 2. Nf3 Nc6 3. Bc4 Nf6 4. d4 exd4
5. O-O Nxe4 6. Re1 d5 7. Bxd5 Qxd5 8. Nc3 Qh5 9. Nxe4 Be6 10. Neg5 O-O-O 11.
Nxe6 fxe6 12. Bg5 Rd5 13. Bf4 Bd6 14. Bxd6 Rxd6 15. Qd2 Rf8 16. Ng5 e5 17. Ne4
Rh6 18. h3 Rg6 19. Kh2 Qf5 20. Qd3 Nd8 21. Qa3 Kb8 22. Ng3 Qf7 23. Rxe5 Re8 24.
Rxe8 Qxe8 25. Qc5 Qd7 26. Re1 b6 27. Qh5 Rf6 28. f3 g6 29. Qg5 Qd6 30. Re8 Kb7
31. Rh8 Nf7 0-1

[Event "TIPC 2006"]
[Site "Charleroi BEL"]
[Date "2006.08.05"]
[Round "9"]
[White "Hoffmeister, Frank"]
[Black "Hanley, James L."]
[Result "1/2-1/2"]
[ECO "B52"]
[WhiteElo "2114"]
[BlackElo "2155"]
[PlyCount "134"]
[TimeControl "40/7200:3600"]

1. e4 c5 2. Nf3 d6 3. Bb5+ Bd7 4. Bxd7+
Qxd7 5. O-O Nf6 6. e5 dxe5 7. Nxe5 Qd6 8. Qe2 Nbd7 9. Nc4 Qc6 10. d3 b5 11. Ne5
Nxe5 12. Qxe5 e6 13. Bf4 Be7 14. a4 b4 15. Qe2 O-O 16. Nd2 Nd5 17. Be5 Rfd8 18.
Rfe1 f6 19. Bg3 e5 20. Qe4 Qd7 21. b3 Re8 22. f4 f5 23. Qc4 exf4 24. Bxf4 Bf6
25. Nf3 Bxa1 26. Rxa1 Kh8 27. Be5 Rac8 28. Re1 Nb6 29. Qh4 Kg8 30. Qg3 Rc6 31.
h3 Rce6 32. Qf4 Qe7 33. Qxf5 g6 34. Qg4 h6 35. Kh2 Kh7 36. Bg3 Rxe1 37. Bxe1
Nd5 38. Bd2 Ne3 39. Qf4 Nf1+ 40. Kg1 Nxd2 41. Nxd2 Qe1+ 42. Kh2 Qe5 43. Qxe5
Rxe5 44. Ne4 Kg7 45. g4 Kf7 46. Kg3 Ke6 47. Kf4 g5+ 48. Ke3 Kd5 49. Kd2 Re7 50.
Ng3 Rf7 51. Ke3 a5 52. Nf5 h5 53. Ng3 hxg4 54. hxg4 Rh7 55. Ne4 Rh2 56. c4+
bxc3 57. Nxc3+ Ke5 58. Ne4 Rh3+ 59. Ke2 Kd4 60. Nxg5 Rg3 61. Ne6+ Kd5 62. Nc7+
Kd6 63. Nb5+ Ke5 64. Kd2 Rxg4 65. Kc3 Kd5 66. Na3 Rg7 67. Nc4 Ra7 1/2-1/2

[Event "TIPC 2006"]
[Site "Charleroi BEL"]
[Date "2006.08.05"]
[Round "9"]
[White "Plachetka, Jan"]
[Black "Krasucki, Youri"]
[Result "1-0"]
[ECO "D15"]
[WhiteElo "2427"]
[BlackElo "2048"]
[PlyCount "59"]
[TimeControl "40/7200:3600"]

1. d4 d5 2. c4 c6 3. Nf3 Nf6 4. Nc3 a6 5.
e3 b5 6. b3 Bg4 7. Be2 Nbd7 8. O-O e6 9. h3 Bxf3 10. Bxf3 Be7 11. Qc2 O-O 12.
Bb2 Rc8 13. Rfd1 Qb6 14. e4 dxe4 15. Nxe4 Nxe4 16. Bxe4 Nf6 17. Bf3 Rfd8 18.
Qe2 Rd7 19. Rac1 Rcd8 20. cxb5 cxb5 21. Rc6 Qa5 22. a4 Nd5 23. Ra1 Nc7 24. Qc2
b4 25. Qc4 Bf6 26. Rd1 h6 27. g3 Qf5 28. Bg4 Qa5 29. h4 Be5 30. Rc5 1-0

[Event "TIPC 2006"]
[Site "Charleroi BEL"]
[Date "2006.08.05"]
[Round "9"]
[White "Laurent, Michel"]
[Black "Wantiez, Fabrice"]
[Result "0-1"]
[ECO "A48"]
[WhiteElo "2026"]
[BlackElo "2265"]
[PlyCount "58"]
[TimeControl "40/7200:3600"]

1. d4 Nf6 2. Nf3 g6 3. Bf4 Bg7 4. e3 d6 5.
Be2 Nh5 6. Bg5 h6 7. Bh4 g5 8. Bg3 Nxg3 9. hxg3 c5 10. c3 Nc6 11. Qc2 cxd4 12.
exd4 e5 13. dxe5 dxe5 14. Nbd2 Be6 15. Rd1 Qe7 16. Ne4 Rd8 17. Rxd8+ Nxd8 18.
Qa4+ Nc6 19. b4 O-O 20. O-O f5 21. Nc5 Bc8 22. Rd1 e4 23. Nd4 Nxd4 24. cxd4 b6
25. Nb3 f4 26. gxf4 gxf4 27. d5 f3 28. Bf1 e3 29. d6 exf2+ 0-1

[Event "TIPC 2006"]
[Site "Charleroi BEL"]
[Date "2006.08.05"]
[Round "9"]
[White "Mohandesi, Shahin"]
[Black "Minet, Julien"]
[Result "1-0"]
[ECO "D11"]
[WhiteElo "2253"]
[BlackElo "1927"]
[PlyCount "67"]
[TimeControl "40/7200:3600"]

1. d4 d5 2. c4 c6 3. Nf3 Nf6 4. Qc2 g6 5.
Bf4 Nbd7 6. e3 Bg7 7. Nc3 O-O 8. h3 Re8 9. cxd5 e5 10. dxe6 Rxe6 11. Bc4 Nd5
12. Bxd5 cxd5 13. Nxd5 Qa5+ 14. Nc3 b6 15. O-O Bb7 16. e4 Rc8 17. Rfe1 h6 18.
a3 Qh5 19. Qd3 g5 20. Bg3 g4 21. hxg4 Qxg4 22. Rad1 Rd8 23. Nh2 Qg6 24. Qf3 h5
25. d5 Rf6 26. Qe2 Qh7 27. Bh4 Re8 28. Bxf6 Bxf6 29. Rd3 Kh8 30. Rh3 h4 31. Nf3
Rg8 32. e5 Bd8 33. Qc4 Qg6 34. Nxh4 1-0

[Event "TIPC 2006"]
[Site "Charleroi BEL"]
[Date "2006.08.05"]
[Round "9"]
[White "Bolzoni, Victor-Angel"]
[Black "Allaert, Dimitri"]
[Result "1-0"]
[ECO "B57"]
[WhiteElo "2170"]
[BlackElo "1991"]
[PlyCount "45"]
[TimeControl "40/7200:3600"]

1. e4 c5 2. Nf3 Nc6 3. Nc3 Nf6 4. Bc4 d6 5.
d4 cxd4 6. Nxd4 g6 7. Nxc6 bxc6 8. e5 Nd7 9. exd6 exd6 10. O-O Ne5 11. Re1 Be7
12. Bb3 O-O 13. Bh6 Re8 14. h3 Bg5 15. Bxg5 Qxg5 16. Bxf7+ Kg7 17. Ne4 Qf4 18.
Bxe8 Bxh3 19. Re3 Bg4 20. Qxd6 Rxe8 21. Rae1 Rf8 22. Qe7+ Rf7 23. Qg5 1-0